 Dungeon Crawl Stone Soup version 0.21.1-1-g345015fe64 (webtiles) character file.

51 Htamos the Ducker (level 3, -4/18 HPs)
             Began as a Spriggan Venom Mage on June 11, 2018.
             Slain by a hobgoblin
             ... wielding a +0 club
             ... led by Robin
              (9 damage)
             ... on level 2 of the Dungeon.
             The game lasted 00:10:45 (1708 turns).

Htamos the Ducker (Spriggan Venom Mage)             Turns: 1708, Time: 00:10:49

Health: -4/18      AC:  2    Str:  4    XL:     3   Next: 57%
Magic:  8/8        EV: 19    Int: 16    God:
Gold:   18         SH:  0    Dex: 17    Spells: 6/7 levels left

rFire    . . .     SeeInvis +   e - +0 dagger
rCold    . . .     Gourm    .   (shield restricted)
rNeg     . . .     Faith    .   a - +0 robe
rPois    .         Spirit   .   (helmet restricted)
rElec    .         Reflect  .   (no cloak)
rCorr    .         Harm     .   (gloves unavailable)
MR       .....                  (boots unavailable)
Stlth    +++.......             (no amulet)
HPRegen  0.06/turn              (no ring)
MPRegen  0.11/turn              (no ring)

@: about to teleport, very quick
A: very small, unfitting armour, see invisible, herbivore, speed 3, slow
metabolism 2
a: no special abilities


You were on level 2 of the Dungeon.
You were not hungry.

You visited 1 branch of the dungeon, and saw 2 of its levels.

You collected 18 gold pieces.

Inventory:

Hand Weapons
 d - a +0 hunting sling (quivered)
 e - a +0 dagger (weapon)
 s - a +0 short sword
Missiles
 o - 26 bolts
 p - 7 curare-tipped needles
 u - 37 sling bullets
 v - 4 tomahawks
Armour
 a - a +0 robe (worn)
 i - a +0 naga barding of flying
Jewellery
 k - an uncursed ring of poison resistance {unknown}
 q - a +5 ring of dexterity {unknown}
Scrolls
 t - a scroll of magic mapping {unknown}
Potions
 g - a potion of ambrosia {unknown}
 h - 2 potions of curing {unknown}
 j - a potion of mutation {unknown}
 l - a potion of degeneration {unknown}
 r - a potion of resistance {unknown}
Books
 b - a Young Poisoner's Handbook

   Spells                             Type                      Level
   a - Sting                          Conjuration/Poison           1
   b - Poisonous Vapours              Poison/Air                   2
   c - Mephitic Cloud                 Conjuration/Poison/Air       3
   d - Olgreb's Toxic Radiance        Poison                       4
   e - Venom Bolt                     Conjuration/Poison           5
Comestibles
 c - a ration


   Skills:
 * Level 1.0 Fighting
 * Level 1.0 Short Blades
 * Level 3.6 Dodging
 * Level 3.5 Stealth
 + Level 2.8 Spellcasting
 + Level 0.7 Conjurations
 * Level 3.5 Poison Magic


You had 6 spell levels left.
You knew the following spells:

 Your Spells              Type           Power        Failure   Level  Hunger
a - Sting                 Conj/Pois      #...         9%          1    #......


Dungeon Overview and Level Annotations

Branches:
Dungeon (2/15)

Altars:
Trog

Annotations:
D:2 Robin


Innate Abilities, Weirdness & Mutations

You are very small and have problems with some larger weapons.
You are too small for most types of armour.
You have supernaturally acute eyesight. (SInv)
You are a herbivore.
You cover ground extremely quickly.
You need consume almost no food.


Message History

You closely miss the goblin.
The goblin is heavily wounded.
The goblin completely misses you. The hobgoblin misses you.
As you read the scroll labeled OPNITA NEIH, it crumbles to dust.
Your +0 dagger glows dark copper for a moment.
It was a scroll of random uselessness.
The goblin hits you. The hobgoblin hits you with a club!
* * * LOW HITPOINT WARNING * * *
As you read the scroll labeled MAROEMPU DUEBB, it crumbles to dust.
It is a scroll of identify.
s - a +0 short sword The goblin completely misses you.
The hobgoblin barely misses you.
As you read the scroll labeled QIZOSE HUGAS, it crumbles to dust.
You feel strangely unstable.
It was a scroll of teleportation.
The goblin hits you but does no damage.
Robin roars a battlecry!
The goblins go into a battle-frenzy!
The hobgoblin hits you with a club!
Ouch! That really hurt!
You die...

#..## ##.......##
##.## #.##
##.....## #...
#####.#####
##...## ....
#......[..# ##'##
.##. #.###.###.#
#.# . #.###.##
#.# #......# ##
#####..####gg.##
#..g@ggg....
.......#####gg.##
######## ##


You could see Robin, 3 hobgoblins and 4 goblins.

Vanquished Creatures
  An adder (D:2)
  A leopard gecko (D:2)
  3 giant cockroaches
  5 goblins
  3 hobgoblins
  2 jackals (D:1)
  4 kobolds (D:1)
  2 quokkas (D:2)
  9 bats
  3 frilled lizards (D:1)
  4 rats
37 creatures vanquished.

Notes
Turn   | Place    | Note
-------+----------+-------------------------------------------
     0 | D:1      | Htamos the Spriggan Venom Mage began the quest for the Orb.
     0 | D:1      | Reached XP level 1. HP: 9/9 MP: 5/5
   321 | D:1      | Reached XP level 2. HP: 13/13 MP: 2/6
   564 | D:1      | Reached skill level 1 in Fighting
   676 | D:2      | Found a bloodstained altar of Trog.
   676 | D:2      | Noticed Robin
   758 | D:2      | Reached skill level 1 in Short Blades
   758 | D:2      | Reached XP level 3. HP: 13/18 MP: 1/8
  1708 | D:2      | Slain by a hobgoblin

Skill      XL: |  1  2 |
---------------+-------+-----
Fighting       | 1 |  1.0
Short Blades   | 1 |  1.0
Dodging        | |  3.6
Stealth        | |  3.5
Spellcasting   | |  2.8
Conjurations   | |  0.7
Poison Magic   | |  3.5

Action                   || total
-------------------------++-------
Melee: Unarmed           ||    11
       Dagger            ||    74
 Cast: Sting             ||    63
  Use: Scroll            ||     3
 Stab: Sleeping          ||     3
Armor: Robe              ||    24
Dodge: Dodged            ||   118
